 Dungeon Crawl Stone Soup version 0.30-b1-2-g02819fbbbe (webtiles) character file.

Game seed: 18261735814687288161

357 snakesoul the Trooper (level 6, 0/39 HPs)
             Began as a Gargoyle Fighter on May 27, 2023.
             Slain by a gnoll
             ... wielding a +1 halberd of protection
             ... led by a gnoll bouda
              (6 damage)
             ... on level 4 of the Dungeon.
             The game lasted 00:03:40 (3135 turns).

snakesoul the Trooper (Gargoyle Fighter)            Turns: 3135, Time: 00:03:41

Health: 0/39       AC: 11    Str: 20    XL:     6   Next: 64%
Magic:  6/6        EV:  9    Int: 10    God:
Gold:   207        SH:  4    Dex:  9    Spells: 5/5 levels left

rFire   . . .        a - +0 flail
rCold   . . .        c - +0 buckler
rNeg    + . .        b - +0 scale mail
rPois   ∞            (no helmet)
rElec   +            (no cloak)
rCorr   .            (no gloves)
SInv    .            (no boots)
Will    +....        (no amulet) Stlth
                     i - ring of willpower
HPRegen 0.26/turn    e - ring of flight
MPRegen 0.10/turn

%: no passive effects
@: flying
A: sickness immunity, AC +4, negative energy resistance 1, electricity
resistance, torment resistance 1, petrification resistance
a: no special abilities


You were on level 4 of the Dungeon.
You visited 1 branch of the dungeon, and saw 4 of its levels.

You collected 207 gold pieces.

Inventory:

Hand Weapons
 a - a +0 flail (weapon)
Armour
 b - a +0 scale mail (worn)
 c - a +0 buckler (worn)
Jewellery
 e - a ring of flight (right hand)
 i - a ring of willpower (left hand)
 l - a ring of fire
 n - a ring of protection from cold
Wands
 d - a wand of flame (24)
Scrolls
 f - 4 scrolls of noise {unknown}
 g - 3 scrolls of identify {unknown}
 j - a scroll of poison {unknown}
 o - 2 scrolls of amnesia {unknown}
 q - 5 scrolls of teleportation {unknown}
 t - a scroll of enchant armour {unknown}
Potions
 h - a potion of brilliance {unknown}
 k - a potion of cancellation {unknown}
 m - a potion of flight {unknown}
 p - a potion of degeneration {unknown}
 r - a potion of attraction {unknown}
 s - a potion of heal wounds {unknown}
 u - a potion of curing {unknown}
 v - 2 potions of lignification {unknown}


   Skills:
 + Level 4.6 Fighting
 * Level 4.5 Maces & Flails
 + Level 4.5 Armour
 + Level 4.5 Shields


You had 5 spell levels left.
You didn't know any spells.
Your spell library contained the following spells:

 Spells                   Type           Power      Damage    Failure   Level
 Slow                     Hex            0%         N/A       77%         1
 Wereblood                Tmut           0%         N/A       88%         2
 Confusing Touch          Hex            0%         N/A       98%         3
 Vampiric Draining        Necr           0%         2d6       98%         3
 Summon Hydra             Summ           0%         N/A       100%        7
 Sublimation of Blood     Necr           Unusable   N/A       N/A         2

Dungeon Overview and Level Annotations

Branches:
Dungeon (4/15)
 Temple: D:4-7

Altars:


Innate Abilities, Weirdness & Mutations

You are immune to sickness and miasma.
Your stone body is resilient. (AC +4)
You are immune to poison.
You resist negative energy. (rN+)
You are resistant to electric shocks. (rElec)
You are resistant to unholy torment.
You are immune to petrification.


Message History

You hit the gnoll.
The gnoll is lightly wounded.
The gnoll hits you with a +0 halberd!
You hit the gnoll.
The gnoll is moderately wounded.
You block the gnoll's attack. The gnoll barely misses you. x2
The gnoll hits you from afar with a +1 halberd of protection.
You closely miss the gnoll.
The gnoll is moderately wounded.
The gnoll hits you with a +0 halberd. The gnoll closely misses you.
You hit the gnoll.
The gnoll is heavily wounded.
The gnoll barely misses you. x2
You hit the gnoll.
The gnoll is severely wounded.
The gnoll barely misses you. x2
You hit the gnoll.
The gnoll is severely wounded.
The gnoll hits you with a +0 halberd!
The gnoll hits you from afar with a +1 halberd of protection.
The gnoll hits you but does no damage. The gnoll barely misses you.
You are too injured to fight recklessly!
You are too injured to fight recklessly!
You are too injured to fight recklessly!
You hit the gnoll but do no damage.
The gnoll is severely wounded.
The gnoll barely misses you. The gnoll closely misses you.
You hit the gnoll but do no damage.
The gnoll is severely wounded.
The gnoll closely misses you.
The gnoll hits you from afar with a +1 halberd of protection!
* * * LOW HITPOINT WARNING * * *
You closely miss the gnoll.
The gnoll is severely wounded.
The gnoll closely misses you. The gnoll hits you with a +0 halberd.
* * * LOW HITPOINT WARNING * * *
You hit the gnoll but do no damage.
The gnoll is severely wounded.
The gnoll hits you from afar with a +1 halberd of protection.
You die...

.. .######
......###
.........
#####.......#
#............
#....g......#
#....).......
#..<@g..#####
#...........
#.##########
#. #


You could see 2 gnolls.

Vanquished Creatures
  A black bear (D:3)
  A phantom (D:3)
  An orc priest (D:3)
  A gnoll bouda (D:3)
  Natasha (D:2)
  A gnoll (D:3)
  5 adders
  4 dart slugs
  4 orcs (D:3)
  4 ball pythons
  6 endoplasms
  2 giant cockroaches
  2 hobgoblins
  5 kobolds
  A quokka (D:1)
  8 bats
  A frilled lizard (D:2)
  6 goblins
  4 rats
58 creatures vanquished.

Vanquished Creatures (others)
  2 plants
2 creatures vanquished.

Grand Total: 60 creatures vanquished

Notes
Turn   | Place    | Note
-------+----------+-------------------------------------------
     0 | D:1      | snakesoul the Gargoyle Fighter began the quest for the Orb.
     0 | D:1      | Reached XP level 1. HP: 14/14 MP: 1/1
   233 | D:1      | Reached XP level 2. HP: 19/19 MP: 2/2
  1126 | D:2      | Reached XP level 3. HP: 23/23 MP: 3/3
  1541 | D:2      | Reached XP level 4. HP: 29/29 MP: 4/4
  1651 | D:2      | Noticed Natasha
  1662 | D:2      | Killed Natasha
  2125 | D:3      | Reached XP level 5. HP: 26/33 MP: 5/5
  2362 | D:3      | Noticed a phantom
  2383 | D:3      | Killed a phantom
  2512 | D:3      | Reached XP level 6. HP: 36/38 MP: 6/6
  2858 | D:4      | Noticed a black bear
  2974 | D:3      | Killed a black bear
  3135 | D:4      | Slain by a gnoll

Illustrated notes

Levels and vault maps discovered:
D:1:      minmay_arrival_hallway, layout_loops_corners, serial_forest,
          infiniplex_forest_end_2, infiniplex_forest_straight_1,
          infiniplex_forest_zigzag_1, infiniplex_forest_straight_3,
          infiniplex_forest_clump_curved, infiniplex_forest_straight_3,
          infiniplex_forest_straight_2, minmay_pentomino_s4
D:2:      layout_basic, hangedman_decor_push, serial_bayou_ford_a,
          grunt_ministairs_6, kennysheep_generic_room_9, uniq_natasha
D:3:      layout_loops_ring, minmay_fractal_squares_5
D:4:      layout_basic, amcnicky_mini_corridor_feature

Skill      XL: |  1  2  3  4  5 |
---------------+----------------+-----
Maces & Flails | 3 4 |  4.5
Fighting       | 4 |  4.6
Armour         | 4 |  4.5
Shields        | 4 |  4.5

Action                     |  1- 3 |  4- 6 || total
---------------------------+-------+-------++-------
  Melee: Flail             |    97 |   119 ||   216
    Use: Potion            |       |     1 ||     1
 Armour: Scale mail        |    66 |    83 ||   149
  Dodge: Dodged            |    50 |    65 ||   115
  Block: Buckler           |    23 |    29 ||    52
